Workbook
Name \0: #REF!
Name \00: #REF!
Name \a: #REF!
Name \a: #REF!
Name \a: #REF!
Name \a: #REF!
Name \a: #REF!
Name \AA: [1]LIQUIDACION!#REF!
Name \b: [2]STRSUMM0!#REF!
Name \bb: [2]STRSUMM0!#REF!
Name \E: #REF!
Name \EE: #REF!
Name \G: #REF!
Name \k: '[3]7422CW00'!#REF!
Name \l: [4]STRSUMM0!#REF!
Name \M: #REF!
Name \ñ: '[5]7422CW00'!#REF!
Name \P: #REF!
Name \R: #REF!
Name \s: #REF!
Name \s: #REF!
Name \s: #REF!
Name \s: #REF!
Name \s: #REF!
Name \V: #REF!
Name \X: 'AD-01'!ERR
Name \X: 'AD-02'!ERR
Name \X: 'AD-03'!ERR
Name \X: 'AD-04'!ERR
Name \X: [0]!ERR
Name \Z: 'AD-01'!ERR
Name \Z: 'AD-02'!ERR
Name \Z: 'AD-03'!ERR
Name \Z: 'AD-04'!ERR
Name \Z: [0]!ERR
Name _________AFC1: [6]INV!$A$25:$D$28
Name _________AFC3: [6]INV!$F$25:$I$28
Name _________AFC5: [6]INV!$K$25:$N$28
Name _________BGC1: [6]INV!$A$5:$D$8
Name _________BGC3: [6]INV!$F$5:$I$8
Name _________BGC5: [6]INV!$K$5:$N$8
Name _________CAC1: [6]INV!$A$19:$D$22
Name _________CAC3: [6]INV!$F$19:$I$22
Name _________CAC5: [6]INV!$K$19:$N$22
Name _________PJ50: #REF!
Name _________PJ50: #REF!
Name _________PJ50: #REF!
Name _________PJ50: #REF!
Name _________PJ50: #REF!
Name _________SBC1: [6]INV!$A$12:$D$15
Name _________SBC3: [6]INV!$F$12:$I$15
Name _________SBC5: [6]INV!$K$12:$N$15
Name ________AFC1: [6]INV!$A$25:$D$28
Name ________AFC3: [6]INV!$F$25:$I$28
Name ________AFC5: [6]INV!$K$25:$N$28
Name ________BGC1: [6]INV!$A$5:$D$8
Name ________BGC3: [6]INV!$F$5:$I$8
Name ________BGC5: [6]INV!$K$5:$N$8
Name ________CAC1: [6]INV!$A$19:$D$22
Name ________CAC3: [6]INV!$F$19:$I$22

Sheet PRESUPUESTO OFICIAL (Entidad)
B1: Formulario 1 - Propuesta económica - Documento tipo de selección abreviada de menor cuantía - versión 1
B2: Versión: 1 del 21 de agosto de 2025
C5: FORMULARIO 1
C6: PRESUPUESTO OFICIAL
C7: [La entidad puede utilizar este formulario de detalle del presupuesto oficial para determinar las condiciones bajo las cuales los proponentes analizarán y presentarán su propuesta económica de forma detallada, sin perjuicio que la entidad pueda modificarlo o establecer la presentación de la oferta económica con un formulario distinto al indicado.]
C9: Adicionalmente, cuando el proceso de contratación es estructurado por precios unitarios, la Entidad debe aplicar las notas 1, 2 y 3 del presente formulario y las casillas de "Descripción", "Porcentaje" de la Administración, Imprevisto, Utilidad y total A.I.U. resaltadas en colo amarillo. Tratándose de otras modalidades de precio, la Entidad puede o no configurar los mismos aspectos.
C11: Nº | D11: ÍTEM DE PAGO | E11: ESPECIFICACIONES | G11: DESCRIPCIÓN | H11: UND. | I11: CANTIDAD | J11: VALOR UNITARIO | K11: VALOR TOTAL
E12: GENERAL | F12: PARTICULAR
C13: 1. | D13: AD | G13: ERRADICACION DE ARBOLES
C14: 1.1 | D14: AD-01 | G14: Erradicación de árboles de envergadura estándar (H ≤ 10 m), incluye personal certificado en alturas, señalización, manejo de residuos y trámites de cierre de vía. | H14: UND. | I14: 9 | J14: ='AD-01'!O66 -> 3000000 | K14: =TRUNC(I14*J14,2) -> 27000000
C15: 1.2 | D15: AD-02 | G15: Erradicación de árboles de gran envergadura (H > 10 m o copas expandidas / Samán, Ceiba, Ficus, Chiminango), incluye personal certificado en alturas, señalización, manejo de residuos y trámites de cierre de vía. | H15: UND. | I15: 3 | J15: ='AD-02'!O66 -> 4000000 | K15: =TRUNC(I15*J15,2) -> 12000000
C16: Subtotal | K16: =SUM(K14:K15) -> 39000000 | P16: =I14+I15+I18+I19 -> 64
C17: 2. | D17: AD | G17: PODA DE ARBOLES
C18: 2.1 | D18: AD-03 | G18: Poda de árboles de envergadura estándar (H ≤ 10 m), incluye personal certificado en alturas, herramientas manuales, cicatrizante vegetal, señalización y manejo de residuos. | H18: UND | I18: 44 | J18: ='AD-03'!O66 -> 2340909 | K18: =TRUNC(I18*J18,2) -> 102999996
C19: 2.2 | D19: AD-04 | G19: Poda de árboles de gran envergadura (H > 10 m o copas expandidas / Samán, Ceiba, Ficus, Chiminango), incluye personal certificado en alturas, herramientas manuales, cicatrizante vegetal, señalización y manejo de residuos. | H19: UND | I19: 8 | J19: ='AD-04'!O66 -> 2500000 | K19: =TRUNC(I19*J19,2) -> 20000000
C20: Subtotal | K20: =SUM(K18:K19) -> 122999996
C21: SUBTOTAL OBRAS | K21: =K16+K20 -> 161999996
G23: VALOR TOTAL | K23: =K21 -> 161999996 | O23: 162000000 | P23: =O23-K23 -> 4
C26: NOTA 1: Se debe tener en cuenta que el PRECIO UNITARIO incluye el valor de A.I.U. | H26: DESCRIPCION | K26: PORCENTAJE
C27: NOTA 2: Cuando la fracción decimal del peso sea igual o superior a 5 se aproximara por exceso al número entero siguiente del peso y cuando la fracción decimal del peso sea inferior a 5 se aproximará por defecto al número entero del peso. | H27: ADMINISTRACIÓN | J27: A= | K27: 0.31
C28: NOTA 3: El A.I.U y su discriminación deben estar en porcentaje (%). | H28: IMPREVISTO | J28: I= | K28: 0
H29: UTILIDAD | J29: U= | K29: 0.03
H30: TOTAL A.I.U | J30: A.I.U.= | K30: =SUM(K27:K29) -> 0.34

Sheet PROPUESTA ECONOMICA(Proponente)
B1: Formulario 1 - Propuesta económica - Documento tipo de mínima cuantía de obra pública de infraestructura social
B2: Versión: 1 de 21 de agosto de 2025
C5: FORMULARIO 1
C6: PROPUESTA ECONÓMICA
C7: [ El Proponente puede usar el presente formulario de presentación para determinar su propuesta económica conforme al Formulario 1 - Presupuesto Oficial por la Entidad]
C9: Cuando el proceso de contratación es estructurado por Precios Unitarios, la Entidad debe aplicar las notas 1, 2 y 3 del presente formato y las casillas de "Descripción", "Porcentaje" de la Administración, Imprevisto, Utilidad y total A.I.U. resaltadas en color amarillo.
C11: Nº | D11: ÍTEM DE PAGO | E11: ESPECIFICACIONES | G11: DESCRIPCIÓN | H11: UND. | I11: CANTIDAD | J11: VALOR UNITARIO | K11: VALOR TOTAL
E12: GENERAL | F12: PARTICULAR
C15: Subtotal
C21: Subtotal
C31: Subtotal
C36: Subtotal
C39: Subtotal
C40: SUBTOTAL OBRAS
G45: SUBTOTAL OBRAS (INCLUYE IVA)
G49: VALOR TOTAL
C52: NOTA 1: Se debe tener en cuenta que el PRECIO UNITARIO incluye el valor de AIU. | H52: DESCRIPCIÓN | K52: PORCENTAJE
C53: NOTA 2: Cuando la fracción decimal del peso sea igual o superior a 5 se aproximara por exceso al número entero siguiente del peso y cuando la fracción decimal del peso sea inferior a 5 se aproximará por defecto al número entero del peso. | H53: ADMINISTRACIÓN | J53: A= | K53: [Ofrecimiento del Proponente]
C54: NOTA 3: El AIU y su discriminación deben estar en porcentaje (%). | H54: IMPREVISTO | J54: I= | K54: [Ofrecimiento del Proponente]
H55: UTILIDAD | J55: U= | K55: [Ofrecimiento del Proponente]
H56: TOTAL A.I.U | J56: A.I.U.= | K56: [Ofrecimiento del Proponente]
G59: Firma del Proponente o de su Representante Legal

Sheet AD-01
C5: MUNICIPIO DE BUGALAGRANDE
C7: ANALISIS DE PRECIOS UNITARIOS - APUS
L13: FECHA | M13: DD | N13: MM | O13: AA
M14: 23 | N14: 7 | O14: 2026
C15: ÍTEMS DEL PRESUPUESTO OFICIAL
C19: DATOS ESPECÍFICOS
C21: ÍTEM | D21: DESCRIPCIÓN | M21: UNIDAD | O21: CANTIDAD
C22: ='PRESUPUESTO OFICIAL (Entidad)'!D14 -> AD-01 | D22: ='PRESUPUESTO OFICIAL (Entidad)'!G14 -> Erradicación de árboles de envergadura estándar (H ≤ 10 m), incluye personal certificado en alturas, señalización, manejo de residuos y trámites de cierre de vía. | M22: ='PRESUPUESTO OFICIAL (Entidad)'!H14 -> UND. | O22: ='PRESUPUESTO OFICIAL (Entidad)'!I14 -> 9
C23: I. EQUIPO
C26: DESCRIPCIÓN | H26: UNIDAD | J26: CANTIDAD | L26: TARIFA/HORA | M26: RENDIMIENTO | O26: Vr. UNITARIO
C27: EQUIPO PARA ERRADICIACION EN ALTURA, ALCANCE DE 900 CM | H27: HRS | J27: 4 | L27: 212686.56 | M27: 0 | O27: =TRUNC(J27*L27,2) -> 850746.24
C28: SIERRA DE PODA O MOTOSIERRA | H28: HRS | J28: 4 | L28: 156716.41 | M28: 0 | O28: =TRUNC(J28*L28,2) -> 626865.64
C29: EQUIPO DE PROTECCION INDIVIDUAL PARA TRABAJO EN ALTURAS QUE CUMPLA CON LA NORMATIVIDAD TÉCNICA Y ACTUAL | H29: GLB | J29: 2 | L29: 235074.62 | M29: 0 | O29: =TRUNC(J29*L29,2) -> 470149.24
C30: HERRAMIENTA MENOR | H30: GLB | J30: 8 | L30: 2798.5 | M30: 0 | O30: =TRUNC(J30*L30,2) -> 22388
C31: SUBTOTAL $ | O31: =SUM(O27:O30) -> 1970149.1
C32: II. MATERIALES
C35: DESCRIPCIÓN | K35: UNIDAD | L35: CANTIDAD | M35: PRECIO UNIT. | O35: Vr. UNITARIO
O36: =TRUNC(L36*M36,2) -> 0
C38: SUBTOTAL $ | O38: =SUM(O36:O37) -> 0
C39: III. TRANSPORTES
C42: MATERIAL | J42: VOL. o PESO | K42: DISTANCIA | L42: M3 o Ton/Km | M42: TARIFA | O42: Vr. UNITARIO
C45: SUBTOTAL $
C46: IV. MANO DE OBRA
C49: TRABAJADOR | J49: UNIDAD | K49: CANTIDAD | L49: PRECIO UNIT. | M49: RENDIMIENTO | O49: Vr. UNITARIO
C50: M.O ERRADICADOR 2 AYUDANTE+1OF | J50: HC | K50: 4 | L50: 67164.17 | M50: 0 | O50: =TRUNC(K50*L50,2) -> 268656.68
C54: SUBTOTAL $ | O54: =SUM(O50:O53) -> 268656.68
C56: TOTAL COSTO DIRECTO $ | O56: =O31+O38+O45+O54 -> 2238805.8
C57: V. COSTOS INDIRECTOS
C60: Descripción | L60: Porcentaje | M60: Valor Total
C61: ADMINISTRACION | L61: 0.31 | O61: =TRUNC(O56*L61,2) -> 694029.79
C62: IMPREVISTOS | L62: 0 | O62: =TRUNC(O56*L62,2) -> 0
C63: UTILIDAD | L63: 0.03 | O63: =TRUNC(O56*L63,2) -> 67164.17
C64: SUBTOTAL $ | O64: =SUM(O61:O63) -> 761193.96
C66: Precio Unitario Total Aproximado al peso $ | O66: =ROUND((O56+O64),0) -> 3000000
C74: ARQ. SUSANA ANDREA MILLAN AGUIRRE
C76: SECRETARIA DE INFRAESTRUCTURA

Sheet AD-02
C5: MUNICIPIO DE BUGALAGRANDE
C7: ANALISIS DE PRECIOS UNITARIOS - APUS
L13: FECHA | M13: DD | N13: MM | O13: AA
M14: 23 | N14: 7 | O14: 2026
C15: ÍTEMS DEL PRESUPUESTO OFICIAL
C19: DATOS ESPECÍFICOS
C21: ÍTEM | D21: DESCRIPCIÓN | M21: UNIDAD | O21: CANTIDAD
C22: ='PRESUPUESTO OFICIAL (Entidad)'!D15 -> AD-02 | D22: ='PRESUPUESTO OFICIAL (Entidad)'!G15 -> Erradicación de árboles de gran envergadura (H > 10 m o copas expandidas / Samán, Ceiba, Ficus, Chiminango), incluye personal certificado en alturas, señalización, manejo de residuos y trámites de cierre de vía. | M22: ='PRESUPUESTO OFICIAL (Entidad)'!H15 -> UND. | O22: ='PRESUPUESTO OFICIAL (Entidad)'!I15 -> 3
C23: I. EQUIPO
C26: DESCRIPCIÓN | H26: UNIDAD | J26: CANTIDAD | L26: TARIFA/HORA | M26: RENDIMIENTO | O26: Vr. UNITARIO
C27: EQUIPO PARA ERRADICIACION EN ALTURA, ALCANCE DE 900 CM | H27: HRS | J27: 6 | L27: 212686.56 | M27: 0 | O27: =TRUNC(J27*L27,2) -> 1276119.4
C28: SIERRA DE PODA O MOTOSIERRA | H28: HRS | J28: 6 | L28: 156716.41 | M28: 0 | O28: =TRUNC(J28*L28,2) -> 940298.46
C29: EQUIPO DE PROTECCION INDIVIDUAL PARA TRABAJO EN ALTURAS QUE CUMPLA CON LA NORMATIVIDAD TÉCNICA Y ACTUAL | H29: GLB | J29: 2 | L29: 235074.62 | M29: 0 | O29: =TRUNC(J29*L29,2) -> 470149.24
C30: HERRAMIENTA MENOR | H30: GLB | J30: 10.6667 | L30: 2798.5 | M30: 0 | O30: =TRUNC(J30*L30,2) -> 29850.75
C31: SUBTOTAL $ | O31: =SUM(O27:O30) -> 2716417.8
C32: II. MATERIALES
C35: DESCRIPCIÓN | K35: UNIDAD | L35: CANTIDAD | M35: PRECIO UNIT. | O35: Vr. UNITARIO
O36: =TRUNC(L36*M36,2) -> 0
C38: SUBTOTAL $ | O38: =SUM(O36:O37) -> 0
C39: III. TRANSPORTES
C42: MATERIAL | J42: VOL. o PESO | K42: DISTANCIA | L42: M3 o Ton/Km | M42: TARIFA | O42: Vr. UNITARIO
C45: SUBTOTAL $
C46: IV. MANO DE OBRA
C49: TRABAJADOR | J49: UNIDAD | K49: CANTIDAD | L49: PRECIO UNIT. | M49: RENDIMIENTO | O49: Vr. UNITARIO
C50: M.O ERRADICADOR 2 AYUDANTE+1OF | J50: HC | K50: 4 | L50: 67164.17 | M50: 0 | O50: =TRUNC(K50*L50,2) -> 268656.68
C54: SUBTOTAL $ | O54: =SUM(O50:O53) -> 268656.68
C56: TOTAL COSTO DIRECTO $ | O56: =O31+O38+O45+O54 -> 2985074.5
C57: V. COSTOS INDIRECTOS
C60: Descripción | L60: Porcentaje | M60: Valor Total
C61: ADMINISTRACION | L61: 0.31 | O61: =TRUNC(O56*L61,2) -> 925373.09
C62: IMPREVISTOS | L62: 0 | O62: =TRUNC(O56*L62,2) -> 0
C63: UTILIDAD | L63: 0.03 | O63: =TRUNC(O56*L63,2) -> 89552.23
C64: SUBTOTAL $ | O64: =SUM(O61:O63) -> 1014925.3
C66: Precio Unitario Total Aproximado al peso $ | O66: =ROUND((O56+O64),0) -> 4000000
C74: ARQ. SUSANA ANDREA MILLAN AGUIRRE
C76: SECRETARIA DE INFRAESTRUCTURA

Sheet AD-03
C5: MUNICIPIO DE BUGALAGRANDE
C7: ANALISIS DE PRECIOS UNITARIOS - APUS
L13: FECHA | M13: DD | N13: MM | O13: AA
M14: 23 | N14: 7 | O14: 2026
C15: ÍTEMS DEL PRESUPUESTO OFICIAL
C19: DATOS ESPECÍFICOS
C21: ÍTEM | D21: DESCRIPCIÓN | M21: UNIDAD | O21: CANTIDAD
C22: ='PRESUPUESTO OFICIAL (Entidad)'!D18 -> AD-03 | D22: ='PRESUPUESTO OFICIAL (Entidad)'!G18 -> Poda de árboles de envergadura estándar (H ≤ 10 m), incluye personal certificado en alturas, herramientas manuales, cicatrizante vegetal, señalización y manejo de residuos. | M22: ='PRESUPUESTO OFICIAL (Entidad)'!H18 -> UND | O22: ='PRESUPUESTO OFICIAL (Entidad)'!I18 -> 44
C23: I. EQUIPO
C26: DESCRIPCIÓN | H26: UNIDAD | J26: CANTIDAD | L26: TARIFA/HORA | M26: RENDIMIENTO | O26: Vr. UNITARIO
C27: EQUIPO PARA ERRADICIACION EN ALTURA, ALCANCE DE 900 CM | H27: HRS | J27: 2.6 | L27: 212686.56 | M27: 0 | O27: =TRUNC(J27*L27,2) -> 552985.05
C28: SIERRA DE PODA O MOTOSIERRA | H28: HRS | J28: 2.6 | L28: 156716.41 | M28: 0 | O28: =TRUNC(J28*L28,2) -> 407462.66
C29: EQUIPO DE PROTECCION INDIVIDUAL PARA TRABAJO EN ALTURAS QUE CUMPLA CON LA NORMATIVIDAD TÉCNICA Y ACTUAL | H29: GLB | J29: 1.2 | L29: 235074.62 | M29: 0 | O29: =TRUNC(J29*L29,2) -> 282089.54
C30: HERRAMIENTA MENOR | H30: GLB | J30: 8 | L30: 2798.5 | M30: 0 | O30: =TRUNC(J30*L30,2) -> 22388
C31: SUBTOTAL $ | O31: =SUM(O27:O30) -> 1264925.2
C32: II. MATERIALES
C35: DESCRIPCIÓN | K35: UNIDAD | L35: CANTIDAD | M35: PRECIO UNIT. | O35: Vr. UNITARIO
C36: CICATRIZANTE VEGETAL | K36: KG | L36: 2.15215 | M36: 24619.55 | O36: =TRUNC(L36*M36,2) -> 52984.96
C38: SUBTOTAL $ | O38: =SUM(O36:O37) -> 52984.96
C39: III. TRANSPORTES
C42: MATERIAL | J42: VOL. o PESO | K42: DISTANCIA | L42: M3 o Ton/Km | M42: TARIFA | O42: Vr. UNITARIO
C45: SUBTOTAL $
C46: IV. MANO DE OBRA
C49: TRABAJADOR | J49: UNIDAD | K49: CANTIDAD | L49: PRECIO UNIT. | M49: RENDIMIENTO | O49: Vr. UNITARIO
C50: M.O PODADOR 2 AYUDANTE+1OF | J50: HC | K50: 6.38788 | L50: 67164.17 | M50: 0 | O50: =TRUNC(K50*L50,2) -> 429036.65
C54: SUBTOTAL $ | O54: =SUM(O50:O53) -> 429036.65
C56: TOTAL COSTO DIRECTO $ | O56: =O31+O38+O45+O54 -> 1746946.9
C57: V. COSTOS INDIRECTOS
C60: Descripción | L60: Porcentaje | M60: Valor Total
C61: ADMINISTRACION | L61: 0.31 | O61: =TRUNC(O56*L61,2) -> 541553.52
C62: IMPREVISTOS | L62: 0 | O62: =TRUNC(O56*L62,2) -> 0
C63: UTILIDAD | L63: 0.03 | O63: =TRUNC(O56*L63,2) -> 52408.4
C64: SUBTOTAL $ | O64: =SUM(O61:O63) -> 593961.92
C66: Precio Unitario Total Aproximado al peso $ | O66: =ROUND((O56+O64),0) -> 2340909 | S66: 2340909 | T66: =S66-O66 -> 0
C74: ARQ. SUSANA ANDREA MILLAN AGUIRRE
C76: SECRETARIA DE INFRAESTRUCTURA

Sheet AD-04
C5: MUNICIPIO DE BUGALAGRANDE
C7: ANALISIS DE PRECIOS UNITARIOS - APUS
L13: FECHA | M13: DD | N13: MM | O13: AA
M14: 23 | N14: 7 | O14: 2026
C15: ÍTEMS DEL PRESUPUESTO OFICIAL
C19: DATOS ESPECÍFICOS
C21: ÍTEM | D21: DESCRIPCIÓN | M21: UNIDAD | O21: CANTIDAD
C22: ='PRESUPUESTO OFICIAL (Entidad)'!D19 -> AD-04 | D22: ='PRESUPUESTO OFICIAL (Entidad)'!G19 -> Poda de árboles de gran envergadura (H > 10 m o copas expandidas / Samán, Ceiba, Ficus, Chiminango), incluye personal certificado en alturas, herramientas manuales, cicatrizante vegetal, señalización y manejo de residuos. | M22: ='PRESUPUESTO OFICIAL (Entidad)'!H19 -> UND | O22: ='PRESUPUESTO OFICIAL (Entidad)'!I19 -> 8
C23: I. EQUIPO
C26: DESCRIPCIÓN | H26: UNIDAD | J26: CANTIDAD | L26: TARIFA/HORA | M26: RENDIMIENTO | O26: Vr. UNITARIO
C27: EQUIPO PARA ERRADICIACION EN ALTURA, ALCANCE DE 900 CM | H27: HRS | J27: 3.25 | L27: 212686.56 | M27: 0 | O27: =TRUNC(J27*L27,2) -> 691231.32
C28: SIERRA DE PODA O MOTOSIERRA | H28: HRS | J28: 3.25 | L28: 156716.41 | M28: 0 | O28: =TRUNC(J28*L28,2) -> 509328.33
C29: EQUIPO DE PROTECCION INDIVIDUAL PARA TRABAJO EN ALTURAS QUE CUMPLA CON LA NORMATIVIDAD TÉCNICA Y ACTUAL | H29: GLB | J29: 1.5 | L29: 235074.62 | M29: 0 | O29: =TRUNC(J29*L29,2) -> 352611.93
C30: HERRAMIENTA MENOR | H30: GLB | J30: 8 | L30: 2798.5 | M30: 0 | O30: =TRUNC(J30*L30,2) -> 22388
C31: SUBTOTAL $ | O31: =SUM(O27:O30) -> 1575559.6
C32: II. MATERIALES
C35: DESCRIPCIÓN | K35: UNIDAD | L35: CANTIDAD | M35: PRECIO UNIT. | O35: Vr. UNITARIO
C36: CICATRIZANTE VEGETAL | K36: KG | L36: 2.91753 | M36: 24619.55 | O36: =TRUNC(L36*M36,2) -> 71828.27
C38: SUBTOTAL $ | O38: =SUM(O36:O37) -> 71828.27
C39: III. TRANSPORTES
C42: MATERIAL | J42: VOL. o PESO | K42: DISTANCIA | L42: M3 o Ton/Km | M42: TARIFA | O42: Vr. UNITARIO
C45: SUBTOTAL $
C46: IV. MANO DE OBRA
C49: TRABAJADOR | J49: UNIDAD | K49: CANTIDAD | L49: PRECIO UNIT. | M49: RENDIMIENTO | O49: Vr. UNITARIO
C50: M.O PODADOR 2 AYUDANTE+1OF | J50: HC | K50: 3.25 | L50: 67164.17 | M50: 0 | O50: =TRUNC(K50*L50,2) -> 218283.55
C54: SUBTOTAL $ | O54: =SUM(O50:O53) -> 218283.55
C56: TOTAL COSTO DIRECTO $ | O56: =O31+O38+O45+O54 -> 1865671.4
C57: V. COSTOS INDIRECTOS
C60: Descripción | L60: Porcentaje | M60: Valor Total
C61: ADMINISTRACION | L61: 0.31 | O61: =TRUNC(O56*L61,2) -> 578358.13
C62: IMPREVISTOS | L62: 0 | O62: =TRUNC(O56*L62,2) -> 0
C63: UTILIDAD | L63: 0.03 | O63: =TRUNC(O56*L63,2) -> 55970.14
C64: SUBTOTAL $ | O64: =SUM(O61:O63) -> 634328.27
C66: Precio Unitario Total Aproximado al peso $ | O66: =ROUND((O56+O64),0) -> 2500000
C74: ARQ. SUSANA ANDREA MILLAN AGUIRRE
C76: SECRETARIA DE INFRAESTRUCTURA

Sheet Hoja1
A1: 1
A2: 3
A3: 1
A4: 1
A5: 1
A6: 1
A7: 1
A8: 1
A9: 1
A10: 1
A11: 5
A12: 1
... A25: 1
A26: =SUM(A1:A25) -> 64

Sheet Hoja2
A1: ITEM | B1: CANTIDAD | C1: ESPECIE | D1: ACCION SUGERIDA | E1: UBICACION | F1: COSTO X UNIDAD | G1: COSTO INTERVENCION
E2: BARRIO/CORREGIMIENTO
A3: 2 | B3: 1 | C3: Acacia | D3: Erradicación | E3: Centro Vida – Corregimiento de Overo | F3: 3000000 | G3: =TRUNC(B3*F3,2) -> 3000000
A4: 3 | B4: 3 | C4: Chiminangos | D4: Poda | E4: Calle 10 entre carrera 6 y 7 – Frente a la tapia del Colegio Antonio Nariño. | F4: 2500000 | G4: =TRUNC(B4*F4,2) -> 7500000
A5: 4 | B5: 1 | C5: Guácimo | D5: Poda | E5: Calle 1 Sur entre carrera 2 sur y Carrera 10sur – Barrio José Antonio Galán | F5: 2340909 | G5: =TRUNC(B5*F5,2) -> 2340909
B6: 1 | C6: Chambimbe | D6: Poda | F6: 2340909 | G6: =TRUNC(B6*F6,2) -> 2340909
B7: 1 | C7: Nogal | D7: Poda | F7: 2340909 | G7: =TRUNC(B7*F7,2) -> 2340909
B8: 1 | C8: Chiminango | D8: poda | F8: 2500000 | G8: =TRUNC(B8*F8,2) -> 2500000
B9: 1 | C9: Matarratón | D9: Poda | F9: 2340909 | G9: =TRUNC(B9*F9,2) -> 2340909
B10: 1 | C10: Matarratón | D10: Erradicar | F10: 3000000 | G10: =TRUNC(B10*F10,2) -> 3000000
B11: 1 | C11: Nogal | D11: Erradicar | F11: 3000000 | G11: =TRUNC(B11*F11,2) -> 3000000
B12: 1 | C12: Guanábano | D12: Erradicar | F12: 3000000 | G12: =TRUNC(B12*F12,2) -> 3000000
A13: 5 | B13: 5 | C13: Sin identificar | D13: Poda | E13: Vía interna que del Corregimiento de Mestizal Conduce al Corregimiento de Guayabo – Cerca de la PTAR | F13: 2340909 | G13: =TRUNC(B13*F13,2) -> 11704545
A14: 6 | B14: 1 | C14: Guayacán | D14: Poda | E14: Carrera 5 (Esquina de la vuelta de la virgen – Barrio La María) | F14: 2340909 | G14: =TRUNC(B14*F14,2) -> 2340909
A15: 7 | B15: 1 | C15: Palma | D15: Erradicar | E15: Carrera 3 a – Via Principal del Barrio Cañaveral. | F15: 3000000 | G15: =TRUNC(B15*F15,2) -> 3000000
A16: 8 | B16: 1 | C16: Saman | D16: Poda | E16: calle 5 # 11-97 (arriba de cusumbo) – Barrio La Planta | F16: 2500000 | G16: =TRUNC(B16*F16,2) -> 2500000
A17: 9 | B17: 2 | C17: Chiminangos | D17: Erradicar (Muerto en pie) | E17: calle 5 con carrera 11 (arriba de cusumbo) – Barrio La Planta | F17: 4000000 | G17: =TRUNC(B17*F17,2) -> 8000000
A18: 10 | B18: 1 | C18: Saman | D18: Erradicar | E18: Carrera 2 con calle 5 – Frente al Parque del Cusumbo - Barrio La planta | F18: 4000000 | G18: =TRUNC(B18*F18,2) -> 4000000
A19: 11 | B19: 1 | C19: Saman | D19: Poda | E19: Carrera 1 # 2-43 – Barrio La Planta | F19: 2500000 | G19: =TRUNC(B19*F19,2) -> 2500000
A20: 12 | B20: 1 | C20: Ficus | D20: Poda | E20: Calle 6 # 0-03 – Barrio Minobras | F20: 2500000 | G20: =TRUNC(B20*F20,2) -> 2500000
B21: 1 | C21: Guácimo | D21: Erradicar | F21: 3000000 | G21: =TRUNC(B21*F21,2) -> 3000000
A22: 13 | B22: 32 | C22: Acacias | D22: Poda | E22: carrera 2 desde la Calle 5 hasta calle 9 – Barrio Centro y Barrio Obrero. | F22: 2340909 | G22: =TRUNC(B22*F22,2) -> 74909088
A23: 14 | B23: 1 | C23: Acacia | D23: Erradicar (Muerto en pie) | E23: Calle 10 entre carrera 1ª y 2 – Escuela de los Mármoles – Barrio Los Marmoles | F23: 3000000 | G23: =TRUNC(B23*F23,2) -> 3000000
B24: 2 | C24: Guayacan | D24: Erradicar (Muerto en pie) | F24: 3000000 | G24: =TRUNC(B24*F24,2) -> 6000000
A25: 15 | B25: 1 | C25: Ceiba | D25: Poda | E25: Calle 10 entre carrera 1ª y 2 – | F25: 2500000 | G25: =TRUNC(B25*F25,2) -> 2500000
B26: 1 | C26: Sin identificar | D26: Poda | E26: Centro de Integracion Ciudadana – Barrio Los Marmoles | F26: 2340909 | G26: =TRUNC(B26*F26,2) -> 2340909
A27: 16 | B27: 1 | C27: Acacia | D27: Poda | E27: Calle 8 Sur – Parque de los Diablos Rojos – Barriol La Maria II Etapa | F27: 2340909 | G27: =TRUNC(B27*F27,2) -> 2340909
B28: 64
A29: COSTO TOTAL DE LAS INTERVENCIONES (AIU INCLUIDO): | G29: =SUM(G3:G28) -> 161999996
